Map: Romanticide LE

Players

rottenorange - Winner!

  • Race: Zerg Zerg
  • Spawn Location: 5:00

itsDani

  • Race: Protoss Protoss
  • League: Platinum
  • Spawn Location: 11:00

VOD

Have the link to the VOD?

Description

Time

  • Played on: Oct. 1, 2020, 2:02 p.m.
  • Length: 16:59
Show
View Real Time Build Order
Export as new Build Order

rottenorange Zerg - Winner!

Build Orders: Hatch First 

Get SALT Encoding   

  12  0:00  Drone  
  13  0:13  Overlord  
  13  0:18  Drone  
  14  0:32  Drone x2  
  16  0:36  Drone  
  17  0:46  Drone  
  18  1:00  Hatchery  
  18  1:04  Drone  
  18  1:16  Drone  
  19  1:20  Extractor  
  18  1:28  Spawning Pool  
  18  1:29  Drone  
  18  1:36  Drone  
  19  1:45  Overlord  
  19  2:00  Drone  
  20  2:02  Drone  
  21  2:14  Queen  
  23  2:16  Queen  
  23  2:19  Drone x2  
  27  2:31  Metabolic Boost, Drone x2  
  29  2:38  Roach Warren  
  29  2:42  Drone x2  
  30  2:52  Extractor  
  30  2:58  Drone x2  
  31  3:00  Drone  
  32  3:07  Overlord  
  32  3:09  Overlord  
  32  3:14  Drone  
  33  3:20  Spine Crawler  
  33  3:21  Spine Crawler  
  33  3:26  Drone x3  
  33  3:27  Drone x2  
  36  3:33  Roach x2  
  40  3:42  Roach x2  
  40  3:47  Drone x3  
  47  4:00  Roach x2  
  51  4:04  Overlord x2  
  51  4:14  Drone  
  52  4:18  Overlord  
  52  4:21  Lair  
  52  4:37  Roach x2  
  52  4:38  Roach x6  
  68  4:57  Evolution Chamber  
  67  5:08  Evolution Chamber, Roach x3  
  74  5:14  Roach x2  
  74  5:17  Overlord x2  
  74  5:18  Overlord x2  
  74  5:20  Glial Reconstitution  
  76  5:30  Extractor  
  75  5:41  Overseer  
  75  5:43  Overseer  
  75  5:53  Drone x2  
  75  5:54  Drone x3  
  75  5:55  Drone x6  
  86  6:10  Hatchery  
  89  6:25  Roach x2  
  76  6:55  Roach x7  
  76  6:57  Queen  
  92  7:09  Zerg Ground Armor Level 1, Zerg Missile Weapons Level 1  
  92  7:14  Drone x5  
  97  7:15  Extractor  
  92  7:33  Drone x2  
  92  7:34  Drone x5  
  99  7:44  Roach x3  
  99  7:45  Overlord  
  105  7:53  Spine Crawler  
  104  7:59  Drone  
  104  8:03  Overlord  
  104  8:04  Overlord x3  
  105  8:06  Hatchery  
  105  8:07  Roach x3  
  105  8:10  Queen  
  112  8:20  Hatchery  
  111  8:27  Overseer  
  111  8:31  Tunneling Claws  
  111  8:38  Roach x2  
  111  8:39  Roach x7  
  129  8:57  Overseer  
  129  9:00  Extractor  
  128  9:04  Roach x3  
  128  9:05  Roach x6  
  146  9:10  Zerg Missile Weapons Level 2  
  146  9:11  Zerg Ground Armor Level 2  
  146  9:19  Queen, Drone  
  149  9:31  Hydralisk Den  
  149  9:36  Drone x4  
  149  9:37  Drone  
  153  9:41  Drone x3  
  153  9:42  Drone x2  
  148  10:57  Burrow  
  148  11:02  Hydralisk x4  
  148  11:03  Hydralisk x5  
  166  11:08  Overlord x4  
  166  11:09  Overlord x3  
  114  11:51  Roach  
  114  11:52  Roach x17  
  114  11:53  Roach x8  
  90  12:44  Roach  
  90  12:45  Roach x20  
  132  12:59  Hydralisk x5  
  140  13:13  Hydralisk x5  
  150  13:24  Hydralisk  
  150  13:25  Hydralisk x13  
  178  13:31  Drone  
  178  13:32  Drone x2  
  181  13:36  Queen  
  181  13:40  Hatchery  
  182  13:42  Grooved Spines  
  140  14:07  Roach x3  
  140  14:08  Roach x26  
  138  14:31  Hydralisk  
  138  14:32  Hydralisk x10  
  156  14:47  Queen x2  
  160  15:09  Roach  
  160  15:10  Roach x15  
  160  15:11  Roach x4  
  174  16:01  Hydralisk  
  174  16:02  Hydralisk x12  
  200  16:06  Extractor  
  200  16:09  Drone  
  200  16:13  Overlord x4  
  200  16:28  Extractor  
  200  16:29  Extractor  
Show
View Real Time Build Order
Export as new Build Order

itsDani Protoss 

Build Orders: 1 Gate Expand, Colossus Rush 

Get SALT Encoding   

  12  0:00  Probe  
  13  0:12  Probe  
  14  0:24  Pylon  
  14  0:25  Probe  
  15  0:42  Probe  
  16  0:43  Gateway  
  16  0:54  Probe  
  17  1:01  Assimilator  
  17  1:04  Assimilator  
  17  1:06  Probe  
  19  1:18  Probe  
  19  1:30  Probe  
  20  1:40  Cybernetics Core  
  20  1:43  Nexus  
  20  1:48  Probe (Chrono Boost)  
  20  1:50  Pylon  
  21  2:00  Probe (Chrono Boost)  
  22  2:06  Probe (Chrono Boost)  
  22  2:07  Warp Gate  
  23  2:19  Stalker (Chrono Boost), Gateway  
  25  2:26  Probe  
  26  2:32  Robotics Facility  
  26  2:38  Probe  
  27  2:49  Stalker  
  29  2:51  Probe  
  29  2:57  Gateway  
  30  3:03  Probe x2  
  32  3:08  Pylon  
  32  3:15  Stalker, Probe  
  35  3:34  Robotics Bay  
  36  3:42  Warp Prism  
  37  3:52  Gateway, Pylon  
  37  3:54  Probe  
  38  3:57  Probe  
  38  4:02  Assimilator  
  39  4:06  Probe  
  41  4:10  Zealot x2, Probe  
  45  4:18  Probe  
  46  4:26  Probe  
  46  4:27  Colossus  
  46  4:30  Probe  
  54  4:34  Sentry  
  54  4:35  Sentry  
  54  4:38  Stalker  
  60  4:44  Probe x2  
  62  5:05  Pylon  
  62  5:07  Pylon  
  62  5:15  Pylon  
  62  5:16  Pylon  
  62  5:23  Probe  
  62  5:27  Assimilator, Probe  
  64  5:31  Colossus  
  70  5:35  Probe  
  71  5:46  Stalker x3  
  77  5:55  Probe  
  77  5:56  Probe  
  79  5:57  Nexus  
  79  6:00  Pylon  
  79  6:08  Probe  
  80  6:14  Stalker x3  
  90  6:25  Immortal (Chrono Boost)  
  76  6:53  Stalker  
  76  6:54  Stalker x2  
  66  7:02  Immortal (Chrono Boost)  
  66  7:03  Gateway  
  70  7:09  Probe  
  70  7:10  Probe x2  
  70  7:13  Pylon  
  73  7:21  Probe  
  73  7:22  Probe x2  
  76  7:24  Forge  
  76  7:27  Forge  
  76  7:33  Probe  
  76  7:34  Assimilator, Probe  
  76  7:36  Probe  
  79  7:37  Stalker  
  79  7:38  Stalker x2, Assimilator  
  85  7:45  Probe  
  85  7:46  Probe  
  85  7:47  Gateway  
  85  7:50  Gateway  
  87  7:54  Immortal  
  87  7:55  Stalker  
  93  7:58  Stalker  
  93  8:01  Probe (Chrono Boost)  
  93  8:03  Probe (Chrono Boost)  
  93  8:05  Probe (Chrono Boost)  
  98  8:12  Probe (Chrono Boost)  
  101  8:13  Probe (Chrono Boost)  
  101  8:14  Probe (Chrono Boost)  
  101  8:18  Probe x2 (Chrono Boost)  
  103  8:20  Pylon  
  103  8:25  Shield Battery  
  103  8:26  Shield Battery  
  103  8:28  Probe x2  
  105  8:35  Probe  
  106  8:42  Stalker x5  
  116  8:53  Gateway  
  116  8:56  Gateway, Immortal  
  120  9:07  Protoss Ground Weapons Level 1 (Chrono Boost)  
  120  9:08  Protoss Shields Level 1 (Chrono Boost)  
  120  9:21  Pylon  
  120  9:27  Twilight Council  
  120  9:35  Disruptor  
  123  9:41  Nexus  
  123  9:42  Pylon  
  123  9:45  Pylon  
  123  9:47  Probe x3  
  123  9:48  Stalker  
  123  9:49  Stalker x5  
  123  9:50  Assimilator  
  123  9:52  Assimilator  
  138  9:55  Extended Thermal Lance  
  138  10:03  Pylon  
  138  10:07  Pylon  
  138  10:11  Disruptor  
  138  10:12  Blink  
  141  10:17  Sentry x5  
  141  10:18  Sentry x2  
  146  10:57  Stalker x5  
  146  10:58  Stalker x2  
  160  11:13  Immortal  
  160  11:17  Pylon  
  164  11:20  Pylon x2  
  164  11:21  Pylon x2  
  164  11:26  Nexus  
  164  11:27  Pylon  
  144  11:52  Immortal  
  148  12:01  Stalker x6  
  154  12:02  Stalker  
  162  12:26  Pylon  
  146  12:34  Pylon  
  136  12:46  Stalker  
  136  12:47  Stalker x6  
  150  13:00  Gateway  
  150  13:01  Gateway  
  150  13:03  Gateway, Probe x3  
  150  13:04  Probe  
  154  13:06  Gateway  
  154  13:12  Sentry x4  
  162  13:15  Probe x2  
  162  13:16  Probe x2  
  166  13:22  Templar Archives  
  166  13:27  Probe  
  166  13:28  Probe  
  166  13:33  Stalker x3  
  174  13:36  Immortal  
  148  14:06  Stalker x3  
  148  14:07  Stalker x4  
  113  14:31  Immortal  
  113  14:33  Stalker x2  
  113  14:34  Stalker x2  
  113  14:37  Stalker  
  109  14:44  Stalker x2  
  109  14:45  Stalker x4  
  87  14:56  Probe x2, Pylon  
  87  14:57  Pylon, Probe x2  
  87  14:59  Shield Battery  
  91  15:04  Shield Battery  
  91  15:08  Probe, Shield Battery  
  91  15:10  Stalker x2  
  91  15:11  Stalker x5  
  91  15:12  Stalker x2, Charge (Chrono Boost)  
  91  15:13  Stalker x2  
  96  15:37  Zealot x5  
  96  15:38  Zealot x2  
  94  15:43  Immortal  
  64  16:07  Gateway  
  64  16:12  Gateway  
  64  16:20  Zealot x5  
  64  16:21  Zealot x4  
Tags
 
Add a new tag
Caveats
  • Supply blocks, unpowered buildings, or Contaminate may cause inaccurate times.
  • Supply counts are checked every 10 seconds.